| TOP OF THE 1ST |
|
Burlington Bees batting - Pitching for Greenville Drive : RHP Su-wu Yang
|
|
Pitching: RHP Su-wu Yang
|
|
|
Batting: RHB Danny Bjarnson
|
0-0: Ball 1-0: Ball 2-0: Called Strike 2-1: TRIPLE (Line Drive, 7LD, EV 108.1 MPH)
|
|
Batting: RHB Rory Cobb
|
0-0: Ball 1-0: Ball 2-0: Ball 3-0: Called Strike 3-1: Ground out 6-3 (Groundball, 6, EV 86.9 MPH) Danny Bjarnson scores
|
|
Batting: LHB Dave Hicks
|
0-0: Called Strike 0-1: Ball 1-1: Foul Ball, location: 2F 1-2: Strikes out swinging
|
|
Batting: SHB Danny Gelinas
|
0-0: Foul Ball, location: 2F 0-1: Fly out, F8 (Flyball, 8RD, EV 95.6 MPH)
|
| Top of the 1st over - 1 run, 1 hit, 0 errors, 0 left on base; Burlington 1 - Greenville 0 |
| BOTTOM OF THE 1ST |
|
Greenville Drive batting - Pitching for Burlington Bees : RHP Chris DePalma
|
|
Pitching: RHP Chris DePalma
|
|
|
Batting: RHB Jim Hubbard
|
0-0: Ball 1-0: Called Strike 1-1: Ground out 6-3 (Groundball, 56D, EV 86.9 MPH)
|
|
Batting: RHB Tony Nunez
|
0-0: Ball 1-0: Foul Ball, location: 2F 1-1: Swinging Strike 1-2: Ground out 4-3 (Groundball, 34D, EV 83.8 MPH)
|
|
Batting: RHB Alex Cardenas
|
0-0: Ground out U3 (Groundball, 3S, EV 65.0 MPH)
|
| Bottom of the 1st over - 0 runs, 0 hits, 0 errors, 0 left on base; Burlington 1 - Greenville 0 |
| TOP OF THE 2ND |
|
Burlington Bees batting - Pitching for Greenville Drive : RHP Su-wu Yang
|
|
Batting: RHB Peter Westover
|
0-0: Called Strike 0-1: Ground out 5-3 (Groundball, 56, EV 108.8 MPH)
|
|
Batting: LHB Spencer Palmer
|
0-0: Ball 1-0: Swinging Strike 1-1: Called Strike 1-2: Strikes out swinging
|
|
Batting: LHB Alberto Carrillo
|
0-0: Foul Ball, location: 2F 0-1: Swinging Strike 0-2: Foul Ball, location: 2F 0-2: Ball 1-2: Ball 2-2: Strikes out swinging
|
| Top of the 2nd over - 0 runs, 0 hits, 0 errors, 0 left on base; Burlington 1 - Greenville 0 |
| BOTTOM OF THE 2ND |
|
Greenville Drive batting - Pitching for Burlington Bees : RHP Chris DePalma
|
|
Batting: LHB Danny Montoya
|
0-0: Ground out U3 (Groundball, 3, EV 85.6 MPH)
|
|
Batting: SHB Robert Soto
|
0-0: Ball 1-0: Ball 2-0: Ball 3-0: Base on Balls
|
|
Batting: RHB Bobby Schimke
|
0-0: Ball 1-0: Ball 2-0: Swinging Strike 2-1: Fielders Choice at 2nd, 5-4 (Groundball, 56, EV 106.2 MPH)
|
|
Batting: LHB John Buff
|
0-0: Ball 1-0: SINGLE (Groundball, 56D, EV 104.4 MPH) Bobby Schimke to second
|
|
Batting: RHB Ted Emmerich
|
0-0: Ground out 3-1 (Groundball, 34S, EV 84.4 MPH)
|
| Bottom of the 2nd over - 0 runs, 1 hit, 0 errors, 2 left on base; Burlington 1 - Greenville 0 |
| TOP OF THE 3RD |
|
Burlington Bees batting - Pitching for Greenville Drive : RHP Su-wu Yang
|
|
Batting: RHB Davey Verhoog
|
0-0: Called Strike 0-1: Ball 1-1: Ball 2-1: Ball 3-1: Called Strike 3-2: SINGLE (Groundball, 6MD, EV 101.9 MPH)
|
|
Batting: RHB Dan Burkhart
|
0-0: Fly out, F3 (Popup, 3SF, EV 82.5 MPH)
|
|
Batting: RHB Danny Bjarnson
|
0-0: Swinging Strike 0-1: Foul Ball, location: 2F 0-2: Ball 1-2: Ball 2-2: Ball 3-2: Base on Balls Davey Verhoog to second
|
|
Batting: RHB Rory Cobb
|
0-0: SINGLE (Line Drive, 8RS, EV 104.4 MPH) Davey Verhoog to third Danny Bjarnson to second
|
|
Batting: LHB Dave Hicks
|
0-0: Called Strike 0-1: Ball 1-1: Called Strike 1-2: Strikes out swinging
|
|
Batting: SHB Danny Gelinas
|
0-0: Ball 1-0: Swinging Strike 1-1: Foul Ball, location: 2F 1-2: Strikes out swinging
|
| Top of the 3rd over - 0 runs, 2 hits, 0 errors, 3 left on base; Burlington 1 - Greenville 0 |
| BOTTOM OF THE 3RD |
|
Greenville Drive batting - Pitching for Burlington Bees : RHP Chris DePalma
|
|
Batting: RHB Roger Mitchell
|
0-0: Ball 1-0: Ground out 4-3 (Groundball, 34, EV 82.5 MPH)
|
|
Batting: RHB Jim Hubbard
|
0-0: Called Strike 0-1: Ground out 6-3 (Groundball, 6, EV 84.4 MPH)
|
|
Batting: RHB Tony Nunez
|
0-0: Ball 1-0: Ball 2-0: Foul Ball, location: 2F 2-1: SOLO HOME RUN (Flyball, 9LD, EV 93.1 MPH), Distance : 337 ft
|
|
Batting: RHB Alex Cardenas
|
0-0: SINGLE (Groundball, 6D, EV 96.9 MPH)
|
|
Batting: LHB Danny Montoya
|
0-0: Ball Alex Cardenas is caught stealing 2nd base 2-6
|
| Bottom of the 3rd over - 1 run, 2 hits, 0 errors, 0 left on base; Burlington 1 - Greenville 1 |
| TOP OF THE 4TH |
|
Burlington Bees batting - Pitching for Greenville Drive : RHP Su-wu Yang
|
|
Batting: RHB Peter Westover
|
0-0: SINGLE (Groundball, 6D, EV 97.5 MPH)
|
|
Batting: LHB Spencer Palmer
|
0-0: Called Strike 0-1: Ball 1-1: Called Strike 1-2: Ball 2-2: Strikes out swinging
|
|
Batting: LHB Alberto Carrillo
|
0-0: Foul Ball, location: 2F 0-1: Ball 1-1: Swinging Strike 1-2: Fielders Choice at 2nd, 4-6 (Groundball, 4, EV 108.1 MPH)
|
|
Batting: RHB Davey Verhoog
|
0-0: Called Strike 0-1: Called Strike 0-2: Ball 1-2: Ball 2-2: Foul Ball, location: 2F 2-2: Foul Ball, location: 2F 2-2: Strikes out looking
|
| Top of the 4th over - 0 runs, 1 hit, 0 errors, 1 left on base; Burlington 1 - Greenville 1 |
| BOTTOM OF THE 4TH |
|
Greenville Drive batting - Pitching for Burlington Bees : RHP Chris DePalma
|
|
Batting: LHB Danny Montoya
|
0-0: Ball 1-0: Swinging Strike 1-1: Foul Ball, location: 2F 1-2: Ball 2-2: Ground out 1-3 (Groundball, 34S, EV 67.5 MPH)
|
|
Batting: SHB Robert Soto
|
0-0: Called Strike 0-1: DOUBLE (Line Drive, 9LD, EV 104.4 MPH)
|
|
Batting: RHB Bobby Schimke
|
0-0: Ball 1-0: Fly out, F7 (Line Drive, 7D, EV 99.4 MPH)
|
|
Batting: LHB John Buff
|
0-0: Called Strike 0-1: Ball 1-1: Foul Ball, location: 2F 1-2: Strikes out swinging
|
| Bottom of the 4th over - 0 runs, 1 hit, 0 errors, 1 left on base; Burlington 1 - Greenville 1 |
| TOP OF THE 5TH |
|
Burlington Bees batting - Pitching for Greenville Drive : RHP Su-wu Yang
|
|
Batting: RHB Dan Burkhart
|
0-0: Ball 1-0: Called Strike 1-1: Ball 2-1: Foul Ball, location: 2F 2-2: Ball 3-2: Foul Ball, location: 2F 3-2: Base on Balls
|
|
Batting: RHB Danny Bjarnson
|
0-0: Foul Ball, location: 2F 0-1: Ball 1-1: Ball 2-1: Ball 3-1: Foul Ball, location: 2F 3-2: Fielders Choice at 2nd, 6-4 (Groundball, 56, EV 106.2 MPH)
|
|
Batting: RHB Rory Cobb
|
0-0: Ball 1-0: Foul Ball, location: 2F 1-1: Ball 2-1: Fielders Choice at 2nd, 1-4 (Groundball, 15S, EV 67.5 MPH)
|
|
Batting: LHB Dave Hicks
|
0-0: Ground out 4-3 (Groundball, 13, EV 87.5 MPH)
|
| Top of the 5th over - 0 runs, 0 hits, 0 errors, 1 left on base; Burlington 1 - Greenville 1 |
| BOTTOM OF THE 5TH |
|
Greenville Drive batting - Pitching for Burlington Bees : RHP Chris DePalma
|
|
Batting: RHB Ted Emmerich
|
0-0: Ball 1-0: SINGLE (Groundball, 6MS, EV 68.1 MPH) (infield hit)
|
|
Batting: RHB Roger Mitchell
|
0-0: Ball 1-0: Swinging Strike 1-1: Ball 2-1: Grounds into double play, 6-4-3 (Groundball, 56, EV 110.6 MPH)
|
|
Batting: RHB Jim Hubbard
|
0-0: Ball 1-0: Ball 2-0: SINGLE (Groundball, 56D, EV 98.8 MPH)
|
|
Batting: RHB Tony Nunez
|
0-0: Ball 1-0: Reached on error, E4 (Groundball, 13, EV 88.8 MPH) Jim Hubbard to second
|
|
Batting: RHB Alex Cardenas
|
0-0: Ball 1-0: Ball 2-0: Called Strike 2-1: Fly out, F4 (Popup, 4, EV 51.2 MPH)
|
| Bottom of the 5th over - 0 runs, 2 hits, 1 error, 2 left on base; Burlington 1 - Greenville 1 |
| TOP OF THE 6TH |
|
Burlington Bees batting - Pitching for Greenville Drive : RHP Su-wu Yang
|
|
Batting: SHB Danny Gelinas
|
0-0: Ball 1-0: Called Strike 1-1: Foul Ball, location: 2F 1-2: Foul Ball, location: 2F 1-2: Ball 2-2: Ground out 6-3 (Groundball, 4M, EV 104.4 MPH)
|
|
Pitching: LHP Josh Turner
|
|
|
Batting: RHB Peter Westover
|
0-0: Swinging Strike 0-1: Ball 1-1: Ground out 3-1 (Groundball, 34, EV 91.9 MPH)
|
|
Batting: LHB Spencer Palmer
|
0-0: Ball 1-0: Ball 2-0: Ball 3-0: Called Strike 3-1: Swinging Strike 3-2: Ground out 6-3 (Groundball, 6, EV 105.0 MPH)
|
| Top of the 6th over - 0 runs, 0 hits, 0 errors, 0 left on base; Burlington 1 - Greenville 1 |
| BOTTOM OF THE 6TH |
|
Greenville Drive batting - Pitching for Burlington Bees : RHP Chris DePalma
|
|
Batting: LHB Danny Montoya
|
0-0: Called Strike 0-1: Foul Ball, location: 2F 0-2: Ball 1-2: Strikes out swinging
|
|
Batting: SHB Robert Soto
|
0-0: Ball 1-0: Ball 2-0: Reached on error, E4 (Groundball, 4, EV 81.9 MPH)
|
|
Batting: RHB Bobby Schimke
|
0-0: Ball 1-0: TRIPLE (Flyball, 89XD, EV 100.0 MPH) Robert Soto scores
|
|
Batting: LHB John Buff
|
0-0: Ball 1-0: SINGLE (Line Drive, 4M, EV 96.9 MPH) Bobby Schimke scores
|
|
Batting: RHB Ted Emmerich
|
0-0: Ball John Buff is caught stealing 2nd base 2-4 1-0: Ball 2-0: SINGLE (Groundball, 4M, EV 85.0 MPH) (infield hit)
|
|
Batting: RHB Roger Mitchell
|
0-0: Ball 1-0: Foul Ball, location: 2F 1-1: Foul Ball, location: 2F 1-2: Strikes out looking
|
| Bottom of the 6th over - 2 runs, 3 hits, 1 error, 1 left on base; Burlington 1 - Greenville 3 |
| TOP OF THE 7TH |
|
Burlington Bees batting - Pitching for Greenville Drive : LHP Josh Turner
|
|
Batting: LHB Alberto Carrillo
|
0-0: Called Strike 0-1: Called Strike 0-2: Strikes out swinging
|
|
Batting: RHB Davey Verhoog
|
0-0: Fly out, F4 (Line Drive, 4, EV 69.4 MPH)
|
|
Batting: RHB Dan Burkhart
|
0-0: Called Strike 0-1: Ball 1-1: Ground out 5-3 (Groundball, 56, EV 78.1 MPH)
|
| Top of the 7th over - 0 runs, 0 hits, 0 errors, 0 left on base; Burlington 1 - Greenville 3 |
| BOTTOM OF THE 7TH |
|
Greenville Drive batting - Pitching for Burlington Bees : RHP Chris DePalma
|
|
Batting: RHB Jim Hubbard
|
0-0: Called Strike 0-1: Ball 1-1: Ball 2-1: Ball 3-1: Foul Ball, location: 2F 3-2: Foul Ball, location: 2F 3-2: Base on Balls
|
|
Batting: RHB Tony Nunez
|
0-0: Ball 1-0: Ball Jim Hubbard is caught stealing 2nd base 2-4 2-0: Called Strike 2-1: Ball 3-1: Called Strike 3-2: Base on Balls
|
|
Batting: RHB Alex Cardenas
|
0-0: Called Strike 0-1: Foul Ball, location: 2F 0-2: Foul Ball, location: 2F 0-2: Foul Ball, location: 2F 0-2: Foul Ball, location: 2F 0-2: Strikes out swinging
|
|
Pitching: RHP Simon Vogel
|
|
|
Batting: LHB Danny Montoya
|
0-0: Called Strike 0-1: Ball Tony Nunez steals 2nd base (no throw) 1-1: Ball 2-1: Swinging Strike 2-2: SINGLE (Groundball, 34D, EV 107.5 MPH) Tony Nunez to third Runner from 3rd tries for Home, throw by RF and OUT! 9-2
|
| Bottom of the 7th over - 0 runs, 1 hit, 0 errors, 1 left on base; Burlington 1 - Greenville 3 |
| TOP OF THE 8TH |
|
Burlington Bees batting - Pitching for Greenville Drive : LHP Josh Turner
|
|
Pitching: RHP Ross Ratcliffe
|
|
|
Now at 2B: Bobby Schimke
|
|
|
Now at 3B: Roger Mitchell
|
|
|
Now at SS: Adugna Chandu
|
|
|
Batting: RHB Danny Bjarnson
|
0-0: Ball 1-0: Foul Ball, location: 2F 1-1: Ball 2-1: Ground out 6-3 (Groundball, 6, EV 84.4 MPH)
|
|
Batting: RHB Rory Cobb
|
0-0: Ball 1-0: Ground out 3-1 (Groundball, 34S, EV 91.2 MPH)
|
|
Batting: LHB Dave Hicks
|
0-0: Called Strike 0-1: Ball 1-1: Foul Ball, location: 2F 1-2: Ground out 5-3 (Groundball, 6, EV 105.0 MPH)
|
| Top of the 8th over - 0 runs, 0 hits, 0 errors, 0 left on base; Burlington 1 - Greenville 3 |
| BOTTOM OF THE 8TH |
|
Greenville Drive batting - Pitching for Burlington Bees : RHP Simon Vogel
|
|
Batting: SHB Robert Soto
|
0-0: Called Strike 0-1: Ball 1-1: SINGLE (Line Drive, 6MD, EV 104.4 MPH)
|
|
Batting: RHB Bobby Schimke
|
0-0: Ball 1-0: Ball 2-0: Foul Ball, location: 2F 2-1: Foul Ball, location: 2F 2-2: Fielders Choice at 2nd, 5-4 (Groundball, 56, EV 80.0 MPH)
|
|
Batting: LHB John Buff
|
0-0: Ball 1-0: Called Strike 1-1: SINGLE (Groundball, 34D, EV 101.9 MPH) Bobby Schimke to second Runner from 2nd tries for 3rd, SAFE, throw by RF made to third
|
|
Batting: RHB Ted Emmerich
|
0-0: Ball John Buff steals 2nd base 1-0: Intentional Walk
|
|
Batting: RHB Roger Mitchell
|
0-0: Fly out, F7 (Flyball, 78D, EV 93.1 MPH) Runner from 3rd tags up, SCORES, throw by LF John Buff to third
|
|
Batting: RHB Jim Hubbard
|
0-0: Called Strike 0-1: Called Strike 0-2: Strikes out swinging
|
| Bottom of the 8th over - 1 run, 2 hits, 0 errors, 2 left on base; Burlington 1 - Greenville 4 |
| TOP OF THE 9TH |
|
Burlington Bees batting - Pitching for Greenville Drive : RHP Ross Ratcliffe
|
|
Pitching: LHP Jason Salzer
|
|
|
Batting: SHB Danny Gelinas
|
0-0: Ball 1-0: Called Strike 1-1: Ball 2-1: Ground out 6-3 (Groundball, 6, EV 95.0 MPH)
|
|
Batting: RHB Peter Westover
|
0-0: SOLO HOME RUN (Flyball, 7D, EV 98.1 MPH), Distance : 401 ft
|
|
Batting: LHB Spencer Palmer
|
0-0: Ball 1-0: Foul Ball, location: 2F 1-1: Ball 2-1: Ball 3-1: Called Strike 3-2: Strikes out swinging
|
|
Pinch Hitting: RHB Juan Rosa
|
0-0: Foul Ball, location: 2F 0-1: Foul Ball, location: 2F 0-2: Strikes out swinging
|
| Top of the 9th over - 1 run, 1 hit, 0 errors, 0 left on base; Burlington 2 - Greenville 4 |
|